 Dungeon Crawl Stone Soup version 0.20.0-15-g7f486f2 (webtiles) character file.

97 Gorglomux the Cudgeler (level 4, -1/28 HPs)
             Began as a Gargoyle Fighter on June 10, 2017.
             Slain by a gnoll
             ... wielding a +0 spear
              (7 damage)
             ... on level 2 of the Dungeon.
             The game lasted 00:02:02 (1482 turns).

Gorglomux the Cudgeler (Gargoyle Fighter)           Turns: 1482, Time: 00:02:03

Health: -1/28      AC: 10    Str: 20    XL:     4   Next: 68%
Magic:  4/4        EV:  7    Int:  8    God:
Gold:   143        SH:  9    Dex: 10    Spells: 3/3 levels left

rFire    . . .     SeeInvis .   a - +0 flail
rCold    . . .     Gourm    .   c - +0 shield
rNeg     + . .     Faith    .   b - +0 scale mail
rPois    ∞         Spirit   .   (no helmet)
rElec    +         Reflect  .   (no cloak)
rCorr    .         Harm     .   (no gloves)
MR       .....                  (no boots)
Stlth    ..........             (no amulet)
Regen    0.1/turn               (no ring)
MPRegen  0.1/turn               (no ring)

@: no status effects
A: negative energy resistance 1, electricity resistance, unbreathing,
petrification resistance, rot immunity, AC +3
a: no special abilities


You were on level 2 of the Dungeon.
You were not hungry.

You visited 1 branch of the dungeon, and saw 2 of its levels.

You collected 143 gold pieces.

Inventory:

Hand Weapons
 a - a +0 flail (weapon)
Armour
 b - a +0 scale mail (worn)
 c - a +0 shield (worn)
Jewellery
 k - an uncursed amulet of harm {unknown}
 m - an uncursed ring of ice {unknown}
Scrolls
 h - 2 scrolls of identify {unknown}
 i - a scroll of amnesia {unknown}
Potions
 d - a potion of might
 j - a potion of degeneration {unknown}
Comestibles
 f - 2 bread rations


   Skills:
 - Level 3.2 Fighting
 + Level 4.7 Maces & Flails
 - Level 3.2 Armour
 - Level 3.2 Shields


You had 3 spell levels left.
You didn't know any spells.

Dungeon Overview and Level Annotations

Branches:
Dungeon (2/15)

Altars:
Makhleb
Uskayaw


Innate Abilities, Weirdness & Mutations

You are resistant to torment.
Your stone body is resilient. (AC +3)
You are immune to poison.
You resist negative energy. (rN+)
You are resistant to electric shocks. (rElec)
You can survive without breathing.
You are immune to petrification.
You are immune to rotting.


Message History

The gnoll hits you with a halberd.
You hit the gnoll.
The gnoll is moderately wounded.
You block the gnoll's attack. x2
Your shield and scale mail prevent you from hitting the gnoll.
The gnoll is moderately wounded.
The gnoll hits you but does no damage. You block the gnoll's attack.
You sock the gnoll!
You kill the gnoll!
The gnoll hits you from afar with a spear.
* * * LOW HITPOINT WARNING * * *
The gnoll closely misses you.
You see here a halberd.
You hit the gnoll but do no damage. You block the gnoll's attack.
The gnoll hits you with a spear.
* * * LOW HITPOINT WARNING * * *
You hit the gnoll but do no damage. The gnoll hits you but does no damage.
You hit the gnoll but do no damage. The gnoll hits you but does no damage.
The gnoll hits you from afar with a spear!
You die...

########### #.........>
#.######### #########.###
#.@)g.......#
###############.#######†#.#
....................gg..#.#
.##############.#########.#
.# #.# #.# g# #.# #.### .#
#.# #...# g# #.# ###.#####
.# #.# #......


You could see a gnoll.

Vanquished Creatures
  Robin (D:2)
  2 gnolls (D:2)
  2 adders (D:2)
  3 dart slugs
  A leopard gecko (D:1)
  A bat (D:1)
  5 giant cockroaches (D:1)
  4 hobgoblins (D:2)
  4 kobolds
  2 quokkas (D:2)
  2 frilled lizards
  12 goblins (D:2)
  4 rats
43 creatures vanquished.

Notes
Turn   | Place    | Note
-------+----------+-------------------------------------------
     0 | D:1      | Gorglomux the Gargoyle Fighter began the quest for the Orb.
     0 | D:1      | Reached XP level 1. HP: 14/14 MP: 1/1
    75 | D:1      | Reached XP level 2. HP: 16/19 MP: 2/2
   277 | D:1      | Reached skill level 3 in Maces & Flails
   597 | D:2      | Reached XP level 3. HP: 21/23 MP: 3/3
   661 | D:2      | Noticed Robin
   712 | D:2      | Killed Robin
   712 | D:2      | Reached skill level 4 in Maces & Flails
  1009 | D:2      | Found a burning altar of Makhleb.
  1030 | D:2      | Reached XP level 4. HP: 25/28 MP: 4/4
  1351 | D:2      | Found a hide-covered altar of Uskayaw.
  1482 | D:2      | Slain by a gnoll

Skill      XL: |  1  2  3 |
---------------+----------+-----
Maces & Flails | 3 4 |  4.7
Fighting       | |  3.2
Armour         | |  3.2
Shields        | |  3.2

Action                   |  1- 3 |  4- 6 || total
-------------------------+-------+-------++-------
Melee: Flail             |   114 |    44 ||   158
  Use: Potion            |     1 |       ||     1
  Eat: Chunk             |     1 |     1 ||     2
Armor: Scale mail        |    64 |    23 ||    87
Dodge: Dodged            |    34 |    17 ||    51
Block: Shield            |    69 |    27 ||    96
